 Dungeon Crawl Stone Soup version 0.28.0 (webtiles) character file.

Game seed: 7695424346816774195

154 danielguo94 the Cudgeller (level 5, -3/33 HPs)
             Began as a Gargoyle Fighter on Feb 5, 2022.
             Slain by Crazy Yiuf (12 damage)
             ... on level 2 of the Dungeon.
             The game lasted 00:03:18 (3087 turns).

danielguo94 the Cudgeller (Gargoyle Fighter)        Turns: 3087, Time: 00:03:19

Health: -3/33      AC:  0    Str: 22    XL:     5   Next: 35%
Magic:  2/5        EV: 13    Int:  8    God:
Gold:   182        SH:  0    Dex:  9    Spells: 4/4 levels left

rFire   . . .      SeeInvis .   (weapon currently unavailable)
rCold   . . .      Faith    .   (shield currently unavailable)
rNeg    + . .      Spirit   .   (armour currently unavailable)
rPois   ∞          Reflect  .   (helmet currently unavailable)
rElec   .          Harm     .   (cloak currently unavailable)
rCorr   .          Rampage  .   (gloves currently unavailable)
Will    .....                   (boots currently unavailable)
Stlth   +.........              (no amulet)
HPRegen 0.11/turn               (ring currently unavailable)
MPRegen 0.09/turn               (ring currently unavailable)

@: pig-form, very quick
A: fast, no casting, sickness immunity, AC +4, small, negative energy resistance
1, (electricity resistance), torment resistance 1, petrification resistance
a: no special abilities


You were on level 2 of the Dungeon.
You were a filthy swine.
You visited 1 branch of the dungeon, and saw 4 of its levels.

You collected 182 gold pieces.

Inventory:

Hand Weapons
 a - a +0 flail (melded)
Missiles
 e - 114 stones (quivered)
Armour
 b - a +0 scale mail (melded)
 c - a +0 buckler (melded)
Wands
 l - a wand of digging (11)
Scrolls
 f - a scroll of fog {unknown}
 i - a scroll of magic mapping {unknown}
 j - a scroll of immolation {unknown}
 k - 2 scrolls of holy word {unknown}
 n - a scroll of identify {unknown}
Potions
 d - 2 potions of might
 g - a potion of flight {unknown}
 h - a potion of brilliance {unknown}
 m - a potion of magic {unknown}
 o - a potion of curing {unknown}


   Skills:
 + Level 3.8 Fighting
 * Level 4.1 Maces & Flails
 + Level 3.8 Armour
 + Level 0.7 Dodging
 + Level 3.8 Shields


You had 4 spell levels left.
You didn't know any spells.
Your spell library was empty.

Dungeon Overview and Level Annotations

Branches:
Dungeon (4/15)
 Temple: D:4-7

Altars:
Ashenzari

Annotations:
D:2 Crazy Yiuf


Innate Abilities, Weirdness & Mutations

You are a filthy swine.
You move quickly.
Your equipment is almost entirely melded.
You are incapable of wielding weapons or throwing items.
You cannot cast spells.
You are immune to sickness and miasma.
((Your stone body is resilient. (AC +4)))
You are immune to poison.
You resist negative energy. (rN+)
((You are resistant to electric shocks. (rElec)))
You are resistant to unholy torment.
You are immune to petrification.


Message History

Crazy Yiuf hits you with a +4 quarterstaff of chaos!
Crazy Yiuf freezes you.
You barely miss Crazy Yiuf.
Crazy Yiuf is severely wounded.
Crazy Yiuf zaps a wand.
You turn into a filthy swine.
Your +0 flail melds into your body.
Your +0 buckler melds into your body.
Your +0 scale mail melds into your body.
Crazy Yiuf hits you with a +4 quarterstaff of chaos.
You completely miss Crazy Yiuf.
Crazy Yiuf is severely wounded.
Crazy Yiuf closely misses you.
You hit Crazy Yiuf but do no damage.
Crazy Yiuf is severely wounded.
You closely miss Crazy Yiuf.
Crazy Yiuf is severely wounded.
Crazy Yiuf whimpers, "Race!"
Crazy Yiuf hits you with a +4 quarterstaff of chaos!
You feel your power leaking away.
You hit Crazy Yiuf but do no damage.
Crazy Yiuf is severely wounded.
Crazy Yiuf hits you with a +4 quarterstaff of chaos.
Crazy Yiuf freezes you.
* * * LOW HITPOINT WARNING * * *
You hit Crazy Yiuf.
Crazy Yiuf is severely wounded.
Crazy Yiuf barely misses you.
You barely miss Crazy Yiuf.
Crazy Yiuf is severely wounded.
Crazy Yiuf barely misses you.
You hit Crazy Yiuf but do no damage.
Crazy Yiuf is severely wounded.
Crazy Yiuf closely misses you.
You barely miss Crazy Yiuf.
Crazy Yiuf is severely wounded.
Crazy Yiuf cries, "Proton wrapper Orb Guardian!"
Crazy Yiuf misses you.
You hit Crazy Yiuf but do no damage.
Crazy Yiuf is severely wounded.
Crazy Yiuf hits you with a +4 quarterstaff of chaos!
You die...

#.##.###..#### #.# #.##...##
..##.##..## #.# #.###..#
#.......## #.# ##.#....#
).##.#### ###.# ##.......#
####.# ####...# #...##.### #..#
#....#####<#.##.# #.##
#.####.....#.#..# #.# #.#
#g#####...## #.# #.# ##h#
###..####### #.# ###.# #.>#
#...##.....#
###.#####...###.####.#.##....[#
[.......................#.....#
###.#####.##....###...........#
###.###...##.###..............#
..............................#
......#.#######..###..........#
##.####.# ##...## #..........#


You could see Crazy Yiuf.

Vanquished Creatures
  A scorpion (D:4)
  An adder (D:2)
  An adder skeleton (D:4)
  2 worms (D:2)
  A dart slug (D:3)
  7 orcs (D:3)
  2 endoplasms
  2 giant cockroaches
  8 goblins
  6 hobgoblins
  6 jackals
  6 kobolds
  4 quokkas
  4 ball pythons
  5 bats
  A frilled lizard (D:3)
  5 rats
62 creatures vanquished.

Notes
Turn   | Place    | Note
-------+----------+-------------------------------------------
     0 | D:1      | danielguo94 the Gargoyle Fighter began the quest for the
                  | Orb.
     0 | D:1      | Reached XP level 1. HP: 14/14 MP: 1/1
    94 | D:1      | Reached XP level 2. HP: 19/19 MP: 2/2
   523 | D:1      | Found a faded altar of an unknown god.
   595 | D:1      | Reached XP level 3. HP: 23/23 MP: 3/3
   998 | D:2      | Reached skill level 3 in Maces & Flails
  1064 | D:2      | Found a runed translucent door.
  1065 | D:2      | Noticed Crazy Yiuf
  1513 | D:2      | Reached XP level 4. HP: 24/28 MP: 4/4
  2586 | D:3      | Found a broken altar of Ashenzari.
  2863 | D:4      | Noticed a scorpion
  2875 | D:4      | Killed a scorpion
  2876 | D:4      | Reached skill level 4 in Maces & Flails
  2876 | D:4      | Reached XP level 5. HP: 11/33 MP: 5/5
  2951 | D:4      | Noticed a phantom
  3087 | D:2      | Slain by Crazy Yiuf

Illustrated notes

Levels and vault maps discovered:
D:1:      dpeg_arrival_morbid_curiosity, layout_rooms,
          shapermc_ecumenical_altar_totnotflames
D:2:      layout_rooms, kennysheep_minor_cross, uniq_crazy_yiuf_cottage
D:3:      layout_loops_ring, nicolae_ashenzari_skybound,
          kennysheep_generic_room_7
D:4:      layout_loops_cross, serial_rivers, chequers_serial_rivers_large_a,
          chequers_serial_rivers_small_a, chequers_serial_rivers_micro_d,
          chequers_serial_rivers_micro_c

Skill      XL: |  1  2  3  4 |
---------------+-------------+-----
Maces & Flails | 3 4 |  4.1
Fighting       | |  3.8
Armour         | |  3.8
Dodging        | |  0.7
Shields        | |  3.8

Action                   |  1- 3 |  4- 6 || total
-------------------------+-------+-------++-------
Melee: Flail             |   127 |    87 ||   214
       Unarmed           |       |    11 ||    11
Armor: Scale mail        |    73 |    46 ||   119
Dodge: Dodged            |    72 |    33 ||   105
Block: Buckler           |    33 |    24 ||    57
